 Dungeon Crawl Stone Soup version 0.32-a0-921-g04a7ad8e02 (webtiles) character file.

Game seed: 13715680724351713765

25 PirateVox the Shooter (level 2, -1/15 HPs)
             Began as a Spriggan Hunter on Apr 12, 2024.
             Slain by a jackal (2 damage)
             ... on level 1 of the Dungeon.
             The game lasted 00:00:55 (491 turns).

PirateVox the Shooter (Spriggan Hunter)              Turns: 491, Time: 00:00:55

Health: -1/15      AC:  2    Str:  7    XL:     2   Next: 82%
Magic:  3/3        EV: 16    Int: 10    God:
Gold:   7          SH:  0    Dex: 18    Spells: 1/1 levels left

rFire   . . .        a - +0 shortbow
rCold   . . .        (shield currently unavailable)
rNeg    . . .        c - +0 robe
rPois   .            (helmet restricted)
rElec   .            (no cloak)
rCorr   .            (gloves unavailable)
SInv    +            (boots unavailable)
Will    .....        (no amulet)
Stlth   ++           (no ring)
HPRegen 0.22/turn    (no ring)
MPRegen 0.08/turn

%: no passive effects
@: very quick
A: very small, no large weapons, unfitting armour, see invisible, speed 3
a: no special abilities


You were on level 1 of the Dungeon.
You visited 1 branch of the dungeon, and saw 1 of its levels.

You collected 7 gold pieces.

Inventory:

Hand Weapons
 a - a +0 shortbow (weapon)
Armour
 c - a +0 robe (worn)
Scrolls
 b - a scroll of butterflies
 e - a scroll of identify {unknown}
 f - a scroll of amnesia {unknown}
Potions
 d - a potion of curing {unknown}


   Skills:
 + Level 2.2 Fighting
 + Level 4.4 Ranged Weapons
 - Level 2.6 Dodging
 - Level 1.5 Stealth


You had one spell level left.
You didn't know any spells.
Your spell library was empty.

Dungeon Overview and Level Annotations

Branches:
Dungeon (1/15)

Altars:


Innate Abilities, Weirdness & Mutations

You are very small and have problems with some larger weapons.
You are too small for most types of armour.
You have supernaturally acute eyesight. (SInv)
You cover ground extremely quickly. (Speed+++)


Message History

No target in view!
You see here a jackal corpse.
No target in view!
There is an open door here.
You shoot an arrow. The arrow hits the ribbon worm.
The ribbon worm is lightly wounded.
The ribbon worm expels a string of sticky webbing.
The stream of webbing misses you.
You shoot an arrow. The arrow barely misses the jackal.
The jackal bites you but does no damage.
The jackal bites you.
You shoot an arrow.
The arrow barely misses the ribbon worm.
The jackal barely misses you. The ribbon worm misses you.
The jackal pauses to sniff the ground.
The jackal misses you.
You shoot an arrow. The arrow hits the ribbon worm.
The ribbon worm is lightly wounded.
The jackal closely misses you. The ribbon worm bites you.
You shoot an arrow. The arrow hits the ribbon worm!
The ribbon worm is heavily wounded.
The jackal bites you.
The jackal bites you but does no damage.
The ribbon worm expels a string of sticky webbing.
The stream of webbing misses you.
You shoot an arrow. The arrow hits the ribbon worm.
The ribbon worm is heavily wounded.
The jackal barely misses you. The ribbon worm closely misses you.
The jackal barely misses you.
You shoot an arrow.
The arrow hits the ribbon worm but does no damage.
The ribbon worm is heavily wounded.
The jackal bites you but does no damage.
You shoot an arrow. The arrow hits the ribbon worm!
The ribbon worm is almost dead.
You hear a bark!
The jackal closely misses you. The ribbon worm bites you!
* * * LOW HITPOINT WARNING * * *
The jackal bites you.
You die...

..#...###############.#.....#....
..#...#..$..........#.#..........
..#...#....†........#†#........†.
###...# ......r...h #.#.#######..
..#...#######†#######............
......#.......h.....#....######.#
..##[.'⌠....###....⌠+.#..# #.#
..##..#......<..w...#.#..# #.#
......#..⌠...>..@h..#.#########'#
..#...###+#######'###.# #........
..##..................# #........
.###.............#..### #........
.........#######.#.### ####....#
########.............## #.#### #
#########..[...## ##.# #
#####...## #..# # #....###.#####


You could see a ribbon worm (catching breath), 2 jackals and a rat.

Vanquished Creatures
  2 ball pythons (D:1)
  2 bats (D:1)
  6 endoplasms (D:1)
  2 giant cockroaches (D:1)
  2 hobgoblins (D:1)
  A jackal (D:1)
  A quokka (D:1)
  A frilled lizard (D:1)
  3 rats (D:1)
20 creatures vanquished.

Notes
Turn   | Place    | Note
-------+----------+-------------------------------------------
     0 | D:1      | PirateVox the Spriggan Hunter began the quest for the Orb.
     0 | D:1      | Reached XP level 1. HP: 10/10 MP: 2/2
     1 | D:1      | Found a runed translucent door.
   137 | D:1      | Reached XP level 2. HP: 15/15 MP: 3/3
   329 | D:1      | Found a faded altar of an unknown god.
   491 | D:1      | Slain by a jackal

Illustrated notes

Levels and vault maps discovered:
D:1:      dpeg_arrival_caged_fury, layout_basic,
          dreamdust_ecumenical_altar_statues

Skill      XL: |  1 |
---------------+----+-----
Fighting       | 2 |  2.2
Ranged Weapons | |  4.4
Dodging        | |  2.6
Stealth        | |  1.5

Action                     || total
---------------------------++-------
   Fire: Shortbow          ||    56
 Armour: Robe              ||    17
  Dodge: Dodged            ||    24

Table legend: (Time is in decaauts)
 A = Elapsed time spent in this place.
 B = Non-inter-level travel time spent in this place.
 C = Inter-level travel time spent in this place.
 D = Time resting spent in this place.
 E = Time spent auto-exploring this place.
 F = Levels seen in this place.
 G = Mean time per level.
                   A        B        C        D        E       F      G
               +--------+--------+--------+--------+--------+-----+--------+
         Total |    334 |    334 |      0 |      2 |    232 |   1 |  334.0 |
       Dungeon |    334 |    334 |      0 |      2 |    232 |   1 |  334.0 |
               +--------+--------+--------+--------+--------+-----+--------+

Top non-repeatable levels by time:
     D:1: 334 daAuts
